 Dungeon Crawl Stone Soup version 0.32-a0-871-ge202e49faa (webtiles) character file.

Game seed: 7053602467009426007

21 dialectric the Ducker (level 2, 0/16 HPs)
             Began as a Spriggan Fighter on Mar 30, 2024.
             Constricted to death by a ball python (1 damage)
             ... on level 1 of the Dungeon.
             The game lasted 00:00:42 (558 turns).

dialectric the Ducker (Spriggan Fighter)             Turns: 558, Time: 00:00:43

Health: 0/16       AC:  2    Str: 12    XL:     2   Next: 62%
Magic:  3/3        EV:  7    Int:  9    God:
Gold:   37         SH:  0    Dex: 14    Spells: 1/1 levels left

rFire   . . .        a - +0 long sword
rCold   . . .        (no shield)
rNeg    . . .        b - +0 robe
rPois   .            (helmet restricted)
rElec   .            (no cloak)
rCorr   .            (gloves unavailable)
SInv    +            (boots unavailable)
Will    .....        (no amulet)
Stlth   +            (no ring)
HPRegen 0.22/turn    (no ring)
MPRegen 0.08/turn

%: no passive effects
@: constricted, very quick
A: very small, no large weapons, unfitting armour, see invisible, speed 3
a: no special abilities


You were on level 1 of the Dungeon.
You visited 1 branch of the dungeon, and saw 1 of its levels.

You collected 37 gold pieces.

Inventory:

Hand Weapons
 a - a +0 long sword (weapon)
Armour
 b - a +0 robe (worn)
 c - a +0 buckler
Scrolls
 e - 2 scrolls of identify {unknown}
 i - a scroll of enchant weapon {unknown}
Potions
 d - a potion of might
 f - 2 potions of ambrosia {unknown}
 g - a potion of curing {unknown}
 h - a potion of attraction {unknown}


   Skills:
 + Level 2.7 Fighting
 + Level 1.9 Long Blades
 + Level 4.4 Dodging
 - Level 2.2 Shields


You had one spell level left.
You didn't know any spells.
Your spell library was empty.

Dungeon Overview and Level Annotations

Branches:
Dungeon (1/15)

Altars:


Innate Abilities, Weirdness & Mutations

You are very small and have problems with some larger weapons.
You are too small for most types of armour.
You have supernaturally acute eyesight. (SInv)
You cover ground extremely quickly. (Speed+++)


Message History

A ball python is nearby!
A ball python is nearby!
You closely miss the ball python. The ball python misses you.
The ball python grabs you. The ball python constricts you.
The ball python bites you. The ball python constricts you.
You barely miss the ball python. The ball python bites you.
The ball python constricts you.
You are too injured to fight recklessly!
You are too injured to fight recklessly!
You are too injured to fight recklessly!
You are too injured to fight recklessly!
A ball python is nearby!
You completely miss the ball python.
The ball python bites you but does no damage.
The ball python constricts you. The ball python barely misses you.
The ball python constricts you.
You completely miss the ball python.
The ball python bites you but does no damage.
The ball python constricts you.
You closely miss the ball python. The ball python bites you.
The ball python constricts you. The ball python closely misses you.
The ball python constricts you.
You hit the ball python but do no damage.
The ball python bites you but does no damage.
The ball python constricts you. The ball python barely misses you.
The ball python constricts you.
You closely miss the ball python. The ball python bites you.
* * * LOW HITPOINT WARNING * * *
The ball python constricts you.
* * * LOW HITPOINT WARNING * * *
You hit the ball python.
The ball python is heavily wounded.
The ball python bites you but does no damage.
The ball python constricts you.
* * * LOW HITPOINT WARNING * * *
The ball python barely misses you. The ball python constricts you.
You barely miss the ball python.
The ball python is heavily wounded.
The ball python closely misses you. The ball python constricts you.
You die...

.....#
#............#
#.# .....#
#............#
#.# .....#
#............#
#.# .....#
#..)†........#
#.# .....#
#............#
#.# .....#
#............#
#.# .....#
#............#
#.# .....#
#............#
#.# ...†.#
#......@.....#
#.# ..##.#
#.......S....#
#.# ..##.#
#............#
#.# ..##.#
#.######...###
#.# ..##.#
##.# ...# #.#
####.####..#
...# #.#
...#......####
...# #.#
##.>.........#
...# #.#
##.#########.#
#.#


You could see a ball python.

Vanquished Creatures
  3 bats (D:1)
  2 endoplasms (D:1)
  A giant cockroach (D:1)
  4 hobgoblins (D:1)
  3 kobolds (D:1)
  2 quokkas (D:1)
  2 ball pythons (D:1)
17 creatures vanquished.

Notes
Turn   | Place    | Note
-------+----------+-------------------------------------------
     0 | D:1      | dialectric the Spriggan Fighter began the quest for the
                  | Orb.
     0 | D:1      | Reached XP level 1. HP: 11/11 MP: 2/2
   241 | D:1      | Reached XP level 2. HP: 5/16 MP: 3/3
   558 | D:1      | Constricted to death by a ball python

Illustrated notes

Levels and vault maps discovered:
D:1:      saegor_arrival_under_anarchy, layout_basic,
          nicolae_figureground_sparkle

Action                     || total
---------------------------++-------
  Melee: Long sword        ||    62
   Stab: Sleeping          ||     1
 Armour: Robe              ||    47
  Dodge: Dodged            ||    74

Table legend: (Time is in decaauts)
 A = Elapsed time spent in this place.
 B = Non-inter-level travel time spent in this place.
 C = Inter-level travel time spent in this place.
 D = Time resting spent in this place.
 E = Time spent auto-exploring this place.
 F = Levels seen in this place.
 G = Mean time per level.
                   A        B        C        D        E       F      G
               +--------+--------+--------+--------+--------+-----+--------+
         Total |    421 |    421 |      0 |      0 |    288 |   1 |  421.0 |
       Dungeon |    421 |    421 |      0 |      0 |    288 |   1 |  421.0 |
               +--------+--------+--------+--------+--------+-----+--------+

Top non-repeatable levels by time:
     D:1: 421 daAuts
